NCAA
ARIZONA STATE SUN DEVILS @ DUKE BLUE DEVILS
04/15/2023
 
TOP OF THE 1ST
Arizona State Sun Devils batting - Pitching for Duke Blue Devils : LHP Steve Patton
Pitching: LHP Steve Patton
Batting: LHB Derrick Simpson 0-0: Called Strike
0-1: Ball
1-1: Ball
2-1: Called Strike
2-2: Foul Ball, location: 2F
2-2: Strikes out swinging
Batting: RHB Jeffrey Hicks 0-0: Ball
1-0: Called Strike
1-1: Ground out 6-3 (Groundball, 6)
Batting: RHB Jed Anderson 0-0: Ball
1-0: Ball
2-0: Called Strike
2-1: Ball
3-1: Called Strike
3-2: Base on Balls
Batting: RHB Larry Booth 0-0: Swinging Strike
0-1: Foul Ball, location: 2F
0-2: Ball
1-2: Fly out, F4 (Popup, 34D)
Top of the 1st over - 0 run(s), 0 hit(s), 0 error(s), 1 left on base; Arizona State 0 - Duke 0
BOTTOM OF THE 1ST
Duke Blue Devils batting - Pitching for Arizona State Sun Devils : LHP Joe Jenkins
Pitching: LHP Joe Jenkins
Batting: RHB Randy Simons 0-0: DOUBLE (Line Drive, 7LS)
Batting: RHB Don Turner 0-0: Called Strike
0-1: Called Strike
0-2: SINGLE (Flyball, 9LS)
Randy Simons to third
Batting: LHB Vicente Chávez 0-0: Ball
Wild Pitch!
Randy Simons scores
Don Turner to second
1-0: Ball
2-0: Called Strike
2-1: Ball
3-1: Base on Balls
Batting: SHB Luis Zamora 0-0: Ball
1-0: Grounds into double play, 6-4-3 (Groundball, 6M)
Don Turner to third
Batting: RHB Mike Ingram 0-0: SINGLE (Groundball, 34)
Don Turner scores
Batting: SHB Walt Simmons 0-0: Called Strike
Mike Ingram steals 2nd base
0-1: Ball
1-1: Foul Ball, location: 2F
1-2: Ball
2-2: Foul Ball, location: 2F
2-2: Ball
3-2: Ground out 1-3 (Groundball, 25)
Bottom of the 1st over - 2 run(s), 3 hit(s), 0 error(s), 1 left on base; Arizona State 0 - Duke 2
TOP OF THE 2ND
Arizona State Sun Devils batting - Pitching for Duke Blue Devils : LHP Steve Patton
Batting: RHB Lance Rodríguez 0-0: Called Strike
0-1: Ball
1-1: Foul Ball, location: 2F
1-2: Ball
2-2: Strikes out swinging
Batting: RHB Tom Hicks 0-0: Called Strike
0-1: Foul Ball, location: 2F
0-2: Ball
1-2: Strikes out swinging
Batting: RHB Michael Fisher 0-0: Ball
1-0: Foul Ball, location: 2F
1-1: Ball
2-1: Swinging Strike
2-2: Ground out 5-3 (Groundball, 56S)
Top of the 2nd over - 0 run(s), 0 hit(s), 0 error(s), 0 left on base; Arizona State 0 - Duke 2
BOTTOM OF THE 2ND
Duke Blue Devils batting - Pitching for Arizona State Sun Devils : LHP Joe Jenkins
Batting: RHB Joe Leach 0-0: Fly out, F6 (Popup, 6)
Batting: RHB José Simms 0-0: Called Strike
0-1: Swinging Strike
0-2: Fly out, F7 (Flyball, 7M)
Batting: RHB Mitchell Johnston 0-0: Ball
1-0: Fly out, F9 (Flyball, 9S)
Bottom of the 2nd over - 0 run(s), 0 hit(s), 0 error(s), 0 left on base; Arizona State 0 - Duke 2
TOP OF THE 3RD
Arizona State Sun Devils batting - Pitching for Duke Blue Devils : LHP Steve Patton
Batting: RHB Geoff Jackson 0-0: Ball
1-0: Foul Ball, location: 2F
1-1: Foul Ball, location: 2F
1-2: Ball
2-2: Fly out, F9 (Line Drive, 89M)
Batting: RHB Edison Olson 0-0: Called Strike
0-1: Swinging Strike
0-2: Ball
1-2: Strikes out swinging
Batting: LHB Derrick Simpson 0-0: Ball
1-0: Foul Ball, location: 2F
1-1: Fly out, F8 (Flyball, 8LM)
Top of the 3rd over - 0 run(s), 0 hit(s), 0 error(s), 0 left on base; Arizona State 0 - Duke 2
BOTTOM OF THE 3RD
Duke Blue Devils batting - Pitching for Arizona State Sun Devils : LHP Joe Jenkins
Batting: RHB Randy Simons 0-0: Ball
1-0: Ball
2-0: Called Strike
2-1: Ground out 5-3 (Groundball, 5)
Batting: RHB Don Turner 0-0: SINGLE (Groundball, 34D)
Batting: LHB Vicente Chávez 0-0: Called Strike
0-1: Swinging Strike
0-2: Ball
1-2: Ball
2-2: Foul Ball, location: 2F
2-2: Strikes out swinging
Batting: SHB Luis Zamora 0-0: Ball
1-0: Swinging Strike
1-1: Called Strike
1-2: Ball
2-2: SINGLE (Line Drive, 6MD)
Don Turner to second
Batting: RHB Mike Ingram 0-0: Called Strike
0-1: Swinging Strike
0-2: Fly out, F4 (Popup, 4MD)
Bottom of the 3rd over - 0 run(s), 2 hit(s), 0 error(s), 2 left on base; Arizona State 0 - Duke 2
TOP OF THE 4TH
Arizona State Sun Devils batting - Pitching for Duke Blue Devils : LHP Steve Patton
Batting: RHB Jeffrey Hicks 0-0: Called Strike
0-1: Ground out 4-3 (Groundball, 13)
Batting: RHB Jed Anderson 0-0: Ball
1-0: Ball
2-0: Called Strike
2-1: SINGLE (Groundball, 6)
Batting: RHB Larry Booth 0-0: Ball
1-0: Ball
2-0: Ball
3-0: Base on Balls
Jed Anderson to second
Batting: RHB Lance Rodríguez 0-0: Called Strike
0-1: Foul Ball, location: 2F
0-2: Strikes out swinging
Batting: RHB Tom Hicks 0-0: Ball
1-0: SINGLE (Flyball, 8LS)
Jed Anderson to third
Larry Booth to second
Runner from 3rd tries for Home, SAFE, no throw or cutoff
Batting: RHB Michael Fisher 0-0: SINGLE (Groundball, 6M)
Larry Booth to third
Tom Hicks to second
Runner from 3rd tries for Home, SAFE, no throw or cutoff
Batting: RHB Geoff Jackson 0-0: Ball
1-0: Called Strike
1-1: Ball
2-1: Swinging Strike
2-2: Ground out 4-3 (Groundball, 4)
Top of the 4th over - 2 run(s), 3 hit(s), 0 error(s), 2 left on base; Arizona State 2 - Duke 2
BOTTOM OF THE 4TH
Duke Blue Devils batting - Pitching for Arizona State Sun Devils : LHP Joe Jenkins
Batting: SHB Walt Simmons 0-0: Called Strike
0-1: Called Strike
0-2: Strikes out swinging
Batting: RHB Joe Leach 0-0: DOUBLE (Line Drive, 5D)
Batting: RHB José Simms 0-0: Ball
1-0: 2-RUN HOME RUN (Flyball, 78XD), Distance : 368 ft
Batting: RHB Mitchell Johnston 0-0: Ball
1-0: Called Strike
1-1: Fly out, F4 (Line Drive, 4M)
Batting: RHB Randy Simons 0-0: SINGLE (Line Drive, 56D)
Batting: RHB Don Turner 0-0: Fly out, F8 (Line Drive, 8LM)
Bottom of the 4th over - 2 run(s), 3 hit(s), 0 error(s), 1 left on base; Arizona State 2 - Duke 4
TOP OF THE 5TH
Arizona State Sun Devils batting - Pitching for Duke Blue Devils : LHP Steve Patton
Batting: RHB Edison Olson 0-0: Ball
1-0: Called Strike
1-1: Foul Ball, location: 2F
1-2: Ball
2-2: Strikes out swinging
Batting: LHB Derrick Simpson 0-0: Ball
1-0: Called Strike
1-1: Ball
2-1: DOUBLE (Line Drive, 7LM)
Batting: RHB Jeffrey Hicks 0-0: Swinging Strike
0-1: Ball
1-1: Called Strike
1-2: Strikes out swinging
Batting: RHB Jed Anderson 0-0: Ball
1-0: Ground out 5-3 (Groundball, 56)
Top of the 5th over - 0 run(s), 1 hit(s), 0 error(s), 1 left on base; Arizona State 2 - Duke 4
BOTTOM OF THE 5TH
Duke Blue Devils batting - Pitching for Arizona State Sun Devils : LHP Joe Jenkins
Batting: LHB Vicente Chávez 0-0: Foul Ball, location: 2F
0-1: Ball
1-1: Swinging Strike
1-2: Foul Ball, location: 2F
1-2: Strikes out swinging
Batting: SHB Luis Zamora 0-0: Swinging Strike
0-1: Ball
1-1: Ball
2-1: Ball
3-1: Called Strike
3-2: Base on Balls
Batting: RHB Mike Ingram 0-0: Ball
1-0: Called Strike
1-1: Ball
2-1: SINGLE (Line Drive, 5D)
Luis Zamora to second
Batting: SHB Walt Simmons 0-0: Called Strike
0-1: Ball
1-1: Ball
2-1: Ball
3-1: Base on Balls
Luis Zamora to third
Mike Ingram to second
Batting: RHB Joe Leach 0-0: Swinging Strike
0-1: Swinging Strike
0-2: Foul Ball, location: 2F
0-2: Ball
1-2: Ball
2-2: Foul Ball, location: 2F
2-2: Strikes out swinging
Pitching: RHP Héctor Mora
Batting: RHB José Simms 0-0: Ground out 1-3 (Groundball, 34S)
Bottom of the 5th over - 0 run(s), 1 hit(s), 0 error(s), 3 left on base; Arizona State 2 - Duke 4
TOP OF THE 6TH
Arizona State Sun Devils batting - Pitching for Duke Blue Devils : LHP Steve Patton
Pitching: RHP Jim Thompson
Batting: RHB Larry Booth 0-0: Ball
1-0: Called Strike
1-1: Ball
2-1: SINGLE (Groundball, 34)
Batting: RHB Lance Rodríguez 0-0: Called Strike
0-1: Ball
1-1: Ball
2-1: Ball
3-1: Fly out, F7 (Popup, 5D)
Batting: RHB Tom Hicks 0-0: Ball
1-0: Ball
Larry Booth steals 2nd base
2-0: 2-RUN HOME RUN (Line Drive, 7D), Distance : 374 ft
Batting: RHB Michael Fisher 0-0: Swinging Strike
0-1: Ball
1-1: Foul Ball, location: 2F
1-2: Ball
2-2: Foul Ball, location: 2F
2-2: Foul Ball, location: 2F
2-2: Fly out, F7 (Flyball, 78S)
Batting: RHB Geoff Jackson 0-0: Ball
1-0: Called Strike
1-1: Ball
2-1: Called Strike
2-2: Ball
3-2: Strikes out looking
Top of the 6th over - 2 run(s), 2 hit(s), 0 error(s), 0 left on base; Arizona State 4 - Duke 4
BOTTOM OF THE 6TH
Duke Blue Devils batting - Pitching for Arizona State Sun Devils : RHP Héctor Mora
Batting: RHB Mitchell Johnston 0-0: Ball
1-0: Ground out 4-3 (Groundball, 4M)
Batting: RHB Randy Simons 0-0: Called Strike
0-1: Ball
1-1: Ground out 5-3 (Groundball, 56)
Batting: RHB Don Turner 0-0: Foul Ball, location: 2F
0-1: Foul Ball, location: 2F
0-2: Strikes out swinging
Bottom of the 6th over - 0 run(s), 0 hit(s), 0 error(s), 0 left on base; Arizona State 4 - Duke 4
TOP OF THE 7TH
Arizona State Sun Devils batting - Pitching for Duke Blue Devils : RHP Jim Thompson
Pitching: LHP Woodrow Mitchell
Batting: RHB Edison Olson 0-0: Called Strike
0-1: Ball
1-1: Swinging Strike
1-2: Strikes out swinging
Batting: LHB Derrick Simpson 0-0: Swinging Strike
0-1: Ball
1-1: Ball
2-1: Foul Ball, location: 2F
2-2: Ball
3-2: Foul Ball, location: 2F
3-2: Foul Ball, location: 2F
3-2: Foul Ball, location: 2F
3-2: Fly out, F7 (Flyball, 7LS)
Batting: RHB Jeffrey Hicks 0-0: Ball
1-0: Called Strike
1-1: Hit by Pitch
Batting: RHB Jed Anderson 0-0: Ball
1-0: Reached on error, E5 (Groundball, 5)
Jeffrey Hicks to second
Batting: RHB Larry Booth 0-0: Ground out 4-3 (Groundball, 4)
Top of the 7th over - 0 run(s), 0 hit(s), 1 error(s), 2 left on base; Arizona State 4 - Duke 4
BOTTOM OF THE 7TH
Duke Blue Devils batting - Pitching for Arizona State Sun Devils : RHP Héctor Mora
Batting: LHB Vicente Chávez 0-0: Ball
1-0: Swinging Strike
1-1: Swinging Strike
1-2: Foul Ball, location: 2F
1-2: SOLO HOME RUN (Flyball, 9LD), Distance : 331 ft
Batting: SHB Luis Zamora 0-0: Ball
1-0: Called Strike
1-1: Fly out, F9 (Flyball, 9LM)
Batting: RHB Mike Ingram 0-0: Ball
1-0: Ball
2-0: Called Strike
2-1: Ground out 6-3 (Groundball, 56)
Batting: SHB Walt Simmons 0-0: Ball
1-0: Ball
2-0: Ball
3-0: Base on Balls
Batting: RHB Joe Leach 0-0: Ball
1-0: Ball
2-0: Swinging Strike
2-1: Swinging Strike
2-2: Strikes out swinging
Bottom of the 7th over - 1 run(s), 1 hit(s), 0 error(s), 1 left on base; Arizona State 4 - Duke 5
TOP OF THE 8TH
Arizona State Sun Devils batting - Pitching for Duke Blue Devils : LHP Woodrow Mitchell
Pitching: RHP Jesse Evans
Now in CF: Ron Johnston
Batting: RHB Lance Rodríguez 0-0: Ball
1-0: SINGLE (Flyball, 9M)
Batting: RHB Tom Hicks 0-0: Ball
1-0: Ball
2-0: Ball
3-0: Called Strike
3-1: Called Strike
3-2: SINGLE (Line Drive, 56)
Lance Rodríguez to second
Batting: RHB Michael Fisher 0-0: Bunted foul
0-1: Bunted foul
0-2: Foul Ball, location: 2F
0-2: Fly out, F8 (Flyball, 4MD)
Batting: RHB Geoff Jackson 0-0: Ball
1-0: DOUBLE (Line Drive, 8LXD)
Lance Rodríguez scores
Tom Hicks to third
Batting: RHB Edison Olson 0-0: Called Strike
0-1: Foul Ball, location: 2F
0-2: Ball
1-2: Foul Ball, location: 2F
1-2: Ground out 5-3 (Groundball, 5L)
Batting: LHB Derrick Simpson 0-0: Swinging Strike
0-1: Ball
1-1: Fly out, F8 (Line Drive, 8LM)
Top of the 8th over - 1 run(s), 3 hit(s), 0 error(s), 2 left on base; Arizona State 5 - Duke 5
BOTTOM OF THE 8TH
Duke Blue Devils batting - Pitching for Arizona State Sun Devils : RHP Héctor Mora
Pitching: RHP Kevin Warren
Batting: RHB José Simms 0-0: Ball
1-0: Ball
2-0: Called Strike
2-1: Foul Ball, location: 2F
2-2: Ball
3-2: Foul Ball, location: 2F
3-2: Foul Ball, location: 2F
3-2: Base on Balls
Batting: RHB Mitchell Johnston 0-0: Called Strike
0-1: Ball
1-1: Fly out, F8 (Flyball, 8LM)
Batting: RHB Randy Simons 0-0: Ball
1-0: Called Strike
1-1: Ball
2-1: Ball
3-1: Ball
José Simms to second
Batting: RHB Don Turner 0-0: Called Strike
0-1: Ball
1-1: Ball
2-1: Sac Bunt - play at first, batter OUT! 1-4
José Simms to third
Randy Simons to second
Batting: LHB Vicente Chávez 0-0: Ball
1-0: Ball
2-0: Ball
3-0: Base on Balls
Batting: SHB Luis Zamora 0-0: Ball
1-0: Foul Ball, location: 2F
1-1: GRAND SLAM HOME RUN (Flyball, 89XD), Distance : 370 ft
Pitching: LHP Michael Clark
Batting: LHB Ron Johnston 0-0: Fly out, F7 (Flyball, 7M)
Bottom of the 8th over - 4 run(s), 1 hit(s), 0 error(s), 0 left on base; Arizona State 5 - Duke 9
TOP OF THE 9TH
Arizona State Sun Devils batting - Pitching for Duke Blue Devils : RHP Jesse Evans
Batting: RHB Jeffrey Hicks 0-0: Ball
1-0: DOUBLE (Flyball, 8LXD)
Batting: RHB Jed Anderson 0-0: Ground out 5-3 (Groundball, 56S)
Jeffrey Hicks to third
Batting: RHB Larry Booth 0-0: Fly out, F7 (Flyball, 7LMF)
Runner from 3rd tags up, SCORES, no throw
Pitching: LHP Jack Maloney
Batting: RHB Lance Rodríguez 0-0: Ball
1-0: Swinging Strike
1-1: Ball
2-1: Foul Ball, location: 2F
2-2: SINGLE (Groundball, 56D)
Batting: RHB Tom Hicks 0-0: Called Strike
0-1: Ball
1-1: Called Strike
1-2: Foul Ball, location: 2F
1-2: Fly out, F9 (Flyball, 9M)
Top of the 9th over - 1 run(s), 2 hit(s), 0 error(s), 1 left on base; Arizona State 6 - Duke 9
This league is powered by Out of the Park Baseball, the baseball management simulation game for PC, Mac and Linux
Wednesday, December 2nd, 2015 - OOTP Baseball 16.8 Build 38